[Event "Early-Titled-Tuesday-Blitz-August-29-2023"]
[Site "Chess.com"]
[Date "2023.08.29"]
[Round "9"]
[White "aghasiyevkamal"]
[Black "ChessArchitect64"]
[Result "1-0"]
[WhiteElo "2504"]
[BlackElo "2271"]
[TimeControl "180+1"]
[EndTime "9:44:50 PDT"]
[Termination "aghasiyevkamal won by checkmate"]

1. d4 Nf6 2. c4 e6 3. Nf3 Bb4+ 4. Bd2 Qe7 5. g3 Nc6 6. Bg2 Bxd2+ 7. Nbxd2 d6 8. O-O O-O 9. e4 e5 10. d5 Nb8 11. Nh4 a5 12. b3 Na6 13. a3 c6 14. Re1 Bg4 15. Qc2 Rac8 16. h3 Bd7 17. Qb2 cxd5 18. exd5 Qd8 19. b4 b5 20. cxb5 Bxb5 21.
Nf5 axb4 22. axb4 Bd3 23. Ne4 Nxe4 24. Bxe4 Bxe4 25. Rxe4 Nc7 26. Qd2 g6 27. Qh6 gxf5 28. Rh4 Re8 29. Rh5 Nxd5 30. Rg5+ Qxg5 31. Qxg5+ Kf8 32.
Ra7 Rc7 33. Rxc7 Nxc7 34. Qf6 Nb5 35. h4 f4 36. h5 fxg3 37. h6 gxf2+ 38. Kxf2 Nd4 39.
Qg7+ Ke7 40. Qxh7 Ne6 41. Qe4 Rh8 42. Qh4+ f6 43. b5 Ng5 44. b6 Rb8 45. h7 Nf7 46.
Qb4 Kd7 47. Qb3 Ke7 48. b7 f5 49. Qb6 Kd7 50. Qb5+ Kc7 51. Qd5 Nh8 52. Qe6 Kxb7 53.
Qxf5 Rd8 54. Qf6 Kc7 55. Qe7+ Rd7 56. Qh4 Rf7+ 57. Ke2 Kd7 58. Qg4+ Ke7 59. Qg8 Rf8 60. Qg7+ Nf7 61. Qg6 Rh8 62. Kd3 Kf8 63. Ke4 Ke7 64. Kd5 Rb8 65. Qe6+ Kf8 66. Qf6 Rb5+ 67. Ke6 Rb7 68.
h8=Q# 1-0

[Event "Early-Titled-Tuesday-Blitz-August-29-2023"]
[Site "Chess.com"]
[Date "2023.08.29"]
[Round "9"]
[White "Vsevolod_Ovchinnikov"]
[Black "ShahMatKanal"]
[Result "1-0"]
[WhiteElo "2613"]
[BlackElo "2437"]
[TimeControl "180+1"]
[EndTime "9:44:52 PDT"]
[Termination "Vsevolod_Ovchinnikov won on time"]

1. d4 d5 2. c4 e6 3. Nf3 Nf6 4. g3 Be7 5. Bg2 O-O 6. Nc3 c6 7. O-O Nbd7 8. Qd3 b6 9. cxd5 cxd5 10. Bf4 Bb7 11. Rfc1 a6 12. Rc2 Ne4 13. Rac1 Rc8 14. Ne1 f5 15. Nd1 Rxc2 16. Rxc2 Bd6 17. Bxd6 Nxd6 18.
Qe3 Re8 19. Nd3 Nc4 20. Qf4 g5 21. Qc1 Qb8 22. Qxg5+ Kh8 23. b3 Nd6 24. Nf4 Nf7 25. Qh5 Kg8 26. Ne3 Qd6 27. Nd3 Rc8 28. Rxc8+ Bxc8 29.
Qh4 Kg7 30. Qf4 Qxf4 31. Nxf4 Nf6 32. Kf1 Nd6 33. Ke1 Nb5 34. Nc2 Nc3 35. a3 Nb5 36. e3 Kf7 37. Bf1 Nd6 38. Nb4 a5 39. Nc6 Nfe4 40. Ne5+ Kf6 41. f3 Ng5 42. h4 Ngf7 43.
Nfd3 Ke7 44. Nxf7 Nxf7 45. Nf4 Bb7 46. Be2 e5 47. dxe5 Nxe5 48. Nd3 Nd7 49. Kd2 Kd6 50.
Kc3 h6 51. b4 axb4+ 52. axb4 Nf6 53. Kd4 Nd7 54. f4 Nf8 55. Ne5 Ne6+ 56. Kc3 Ke7 57.
Bd3 Ng7 58. Kd4 Kd6 59. Nf7+ Ke6 60. Nxh6 Kf6 61. g4 Ne6+ 62. Kc3 d4+ 63. exd4 Nxf4 64. Nxf5 Nd5+ 65. Kb3 Nf4 66. Bc2 Bd5+ 67. Kb2 Ne2 68. Bd3 Nf4 69. Kc3 Ng2 70. g5+ Kf7 71. h5 Nf4 72. g6+ Kf8 73. g7+ Ke8 74. h6 Ng6 75. Bc4 Bxc4 76. Kxc4 Kf7 77. h7 1-0

[Event "Early-Titled-Tuesday-Blitz-August-29-2023"]
[Site "Chess.com"]
[Date "2023.08.29"]
[Round "9"]
[White "cool64chess"]
[Black "Goryachkina"]
[Result "1-0"]
[WhiteElo "2539"]
[BlackElo "2633"]
[TimeControl "180+1"]
[EndTime "9:44:54 PDT"]
[Termination "cool64chess won on time"]

1. d4 Nf6 2. c4 e6 3. Nc3 Bb4 4.
f3 d5 5. a3 Bxc3+ 6. bxc3 c5 7.
e3 O-O 8. cxd5 exd5 9. Bd3 Re8 10. Ne2 b6 11. O-O Ba6 12. Ra2 Bxd3 13. Qxd3 Nbd7 14. Ng3 Nf8 15. e4 cxd4 16. cxd4 Rc8 17. e5 N6d7 18. Nf5 Re6 19. f4 Qc7 20. Nd6 Rxd6 21. exd6 Qxd6 22.
f5 Nf6 23. Bf4 Qd7 24. Be5 Ne4 25. f6 Rc3 26. Qd1 Ng6 27. fxg7 Qe6 28. Rc2 Nxe5 29. Rxc3 Nxc3 30. Qc2 Nf3+ 31. gxf3 Ne2+ 32. Kh1 Nxd4 33. Qg2 Nf5 34. Rg1 d4 35. Qd2 f6 36. Qf4 Qe5 37. Qe4 Qxe4 38. fxe4 Nxg7 39. Rc1 Ne6 40. Kg2 Nc5 41. Kf3 Kf7 42. Rd1 d3 43. Ke3 Ke6 44.
Kd4 Kf7 45. e5 fxe5+ 46. Kxe5 Ke7 47. Kd5 Kf7 48. h4 Kg6 49. Kd4 Kh5 50. Kc3 h6 51.
Rh1 Kg4 52. Rg1+ Kxh4 53. Rg7 a5 54. Rg6 h5 55. Kd2 Kh3 56. Rxb6 Kg3 57. Rb5 Ne4+ 58. Kxd3 Nf2+ 59. Ke2 Ng4 60. Rxh5 Kf4 61. Rxa5 Ne5 62. Rb5 Ke4 63. a4 Nc6 64. Kd2 Nd4 65. Rb4 Kd5 66. a5 Kc5 67. Rxd4 1-0

[Event "Early-Titled-Tuesday-Blitz-August-29-2023"]
[Site "Chess.com"]
[Date "2023.08.29"]
[Round "9"]
[White "Zq1"]
[Black "GasconJR"]
[Result "0-1"]
[WhiteElo "2540"]
[BlackElo "2666"]
[TimeControl "180+1"]
[EndTime "9:44:59 PDT"]
[Termination "GasconJR won by resignation"]

1. d4 Nf6 2. Nf3 e6 3. c4 c5 4. d5 exd5 5. cxd5 d6 6. e4 g6 7. Bd3 a6 8. a4 Bg4 9. Nbd2 Bg7 10. O-O O-O 11. h3 Bxf3 12. Nxf3 Nbd7 13. Bf4 Qe7 14. Re1 Nh5 15. Bg5 Bf6 16. Bh6 Bxb2 17. Bxf8 Nxf8 18. Rb1 Bc3 19. Re2 Nf4 20. Rc2 Bg7 21.
Bf1 Qxe4 22. Rxb7 Qxa4 23. Qd2 Bh6 24. Qc3 Qe4 25. Qc4 Nxh3+ 26. gxh3 Qxf3 27. Re2 Qf6 28.
Ree7 a5 29. Rxf7 Qxf7 30. Rxf7 Kxf7 31. Qb5 Kg8 32. Qb7 Re8 33. Bb5 Re5 34. Qa7 Bf4 35. Qxa5 Rf5 36. Qc7 Rf6 37. Be2 Be5 38. Bg4 h5 39.
Bc8 Rf7 40. Qc6 Kg7 41. Kg2 Rf6 42. Qc7+ Rf7 43. Qb6 g5 44. Qb1 Ng6 45. Qe4 Rf4 46.
Qb1 Nh4+ 47. Kf1 Nf3 48. Qb7+ Rf7 49. Qc6 Nd2+ 50. Ke2 Ne4 51. Qe8 Nf6 52. Qe6 Nh7 53. h4 gxh4 54. Qh3 Ng5 55. Qxh4 Kh6 56. Qh1 Rf4 57. Be6 Re4+ 58. Kd3 Rd4+ 59. Kc2 Rc4+ 60. Kb3 Rb4+ 61. Ka3 Rf4 62. Qb1 Rf6 63. Qb8 Nh7 64. Qg8 Rf3+ 65. Ka4 Rf4+ 66. Kb5 Rf6 67. Kc6 Nf8 68.
Qh8+ Kg5 69. Qg7+ Ng6 70. Bf7 c4 71. Bxg6 Rxg6 72. Qf8 Rf6 73. Qg7+ Kf4 74. Qh7 c3 75. Qc2 Kf3 76. Kb5 h4 77. Kc4 h3 78. Qd3+ Kg2 79. Qe4+ Rf3 80. Qg4+ Kxf2 81. Qh4+ Rg3 82. Qd4+ Bxd4 0-1

[Event "Early-Titled-Tuesday-Blitz-August-29-2023"]
[Site "Chess.com"]
[Date "2023.08.29"]
[Round "9"]
[White "Mikedannnn"]
[Black "Shuvalov"]
[Result "1-0"]
[WhiteElo "2599"]
[BlackElo "2477"]
[TimeControl "180+1"]
[EndTime "9:44:59 PDT"]
[Termination "Mikedannnn won by resignation"]

1. e4 e6 2. d4 d5 3. Nc3 Bb4 4. e5 c5 5. a3 Bxc3+ 6. bxc3 Ne7 7. Qg4 Qc7 8. Qxg7 Rg8 9. Qxh7 cxd4 10. Ne2 Nbc6 11.
f4 Bd7 12. Qd3 dxc3 13. Nxc3 a6 14. h4 Nf5 15. Rh3 Rc8 16. h5 Kf8 17. h6 Rg6 18. h7 Kg7 19. Qd1 Qb6 20. g4 Nh6 21. f5 exf5 22.
Rxh6 Rxh6 23. Bxh6+ Kxh6 24. Qd2+ Kxh7 25. Nxd5 Qd4 26.
Nf6+ Kg6 27. Qxd4 Nxd4 28. O-O-O Nxc2 29. Kb2 Ba4 30. gxf5+ Kxf5 31. Bh3+ Kxe5 32. Bxc8 Kxf6 33. Rf1+ Ke7 34. Rf4 b5 35. Bxa6 Kd6 36. Bxb5 Bxb5 37. Kxc2 Ke6 38. Kc3 f5 39. Kd4 Bc6 40. Rf1 Be4 41.
a4 Kd6 42. a5 Kc7 43. Ra1 Kb7 44. Kc5 Ka6 45. Kb4 Bd5 46. Re1 Be4 47. Rg1 Bd5 48. Rg5 Be4 49. Rg6+ Ka7 50. Rf6 Bd3 51. Kc5 Be4 52.
Kb4 Bd3 53. Rf8 Be4 54. Rf7+ Ka6 55. Rf6+ Ka7 56. a6 Bd3 57. Ka5 Be4 58. Rf7+ Kb8 59. Kb6 Kc8 60. a7 Kd8 61. Rf8+ Ke7 62. a8=Q Bxa8 63. Rxa8 Kd6 64. Rd8+ Ke5 65. Kc5 Ke4 66. Kc4 f4 67. Re8+ Kf3 68. Kd3 Kg2 69. Rg8+ Kf3 70. Rg7 Kf2 71. Rf7 Kf3 72. Kd4 Kg3 73. Ke4 f3 74.
Rxf3+ Kg2 75. Ke3 1-0

[Event "Early-Titled-Tuesday-Blitz-August-29-2023"]
[Site "Chess.com"]
[Date "2023.08.29"]
[Round "9"]
[White "FREDERICKtheMATE"]
[Black "vi_pranav"]
[Result "1-0"]
[WhiteElo "2524"]
[BlackElo "2971"]
[TimeControl "180+1"]
[EndTime "9:45:08 PDT"]
[Termination "FREDERICKtheMATE won by resignation"]

1. Nf3 c6 2. g3 d5 3. Bg2 Nf6 4. O-O g6 5. b3 Bg7 6. Bb2 O-O 7.
c4 Bg4 8. h3 Bxf3 9. Bxf3 Nbd7 10. d3 e5 11. Nd2 Re8 12. Bg2 a5 13. e3 Nc5 14. Qc2 dxc4 15. dxc4 Nd3 16. Rad1 Nxb2 17. Qxb2 Qc8 18. Qc2 a4 19. b4 Qe6 20. c5 a3 21. Nc4 Nd5 22. Qb3 Ne7 23. Rd6 Qf5 24.
e4 Qh5 25. Nb6 Rad8 26. Qxa3 Nc8 27. Nxc8 Rxc8 28. Rfd1 Qe2 29. Qb3 Bf8 30. Rd7 Re7 31. Bf3 Qa6 32. Rxe7 Bxe7 33. Rd7 Kf8 34. a4 Ra8 35.
Bd1 b6 36. cxb6 Qxb6 37. b5 cxb5 38. Qxb5 Qf6 39. Rd3 Rc8 40. Rf3 Qd6 41. Bb3 f6 42. a5 Kg7 43. a6 Rc1+ 44. Kg2 Rc5 45. Qb7 Rc7 46. Qb8 Qc5 47. Bd5 Ra7 48. Bb7 h5 49.
Rd3 h4 50. g4 Kh6 51. Rd7 Qb4 52. Rxe7 Rxa6 53. Qh8+ Kg5 54. Rf7 Rb6 55. Bd5 Qd2 56. Qd8 Ra6 57. Qc7 Qf4 58. Qc3 Ra4 59. Qe3 Qxe3 60.
fxe3 Ra2+ 61. Kf3 Rh2 62. Rh7 Rxh3+ 63. Ke2 Rh2+ 64. Kd3 h3 65. Be6 Rh1 66. Ke2 h2 67. Kf2 Ra1 68. Rxh2 Ra6 69. Bd5 Kxg4 70. Rg2+ Kh5 71.
Bf7 Kh6 72. Rxg6+ Kh7 73. Rg2 Kh6 74. Bd5 Ra5 75. Kf3 f5 76. Be6 fxe4+ 77. Kxe4 Kh5 78. Bd5 Kh4 79. Kxe5 Kh3 80. Rg8 Kh4 81. e4 1-0

[Event "Early-Titled-Tuesday-Blitz-August-29-2023"]
[Site "Chess.com"]
[Date "2023.08.29"]
[Round "9"]
[White "Rud_Makarian"]
[Black "joppie2"]
[Result "0-1"]
[WhiteElo "3019"]
[BlackElo "2959"]
[TimeControl "180+1"]
[EndTime "9:45:18 PDT"]
[Termination "joppie2 won by resignation"]

1. d4 Nf6 2. c4 g6 3. Nc3 Bg7 4. e4 d6 5. Be2 O-O 6. Be3 c5 7. d5 e6 8. Nf3 Re8 9. O-O exd5 10. exd5 Bg4 11. h3 Bxf3 12. Bxf3 Nbd7 13. Qd2 a6 14. Rfe1 Ne5 15. Be2 Re7 16. Bf1 Qf8 17. Bg5 Ree8 18. Re3 h6 19. Bf4 Nh5 20. Bh2 f5 21. Rae1 f4 22. Re4 g5 23. Qd1 Nf6 24. R4e2 Qf7 25. Kh1 Re7 26. f3 Rae8 27. Ne4 Nxe4 28. Rxe4 Ng6 29.
Bd3 Rxe4 30. Rxe4 Rxe4 31. Bxe4 Bd4 32. b4 Ne5 33. Qb3 Qc7 34. g3 cxb4 35. gxf4 Qxc4 36. Qd1 gxf4 37. Bxf4 Kg7 38. Qe1 Nf7 39. Qg3+ Kh8 40. Qg2 Be5 41. Bxe5+ Nxe5 42. Qd2 Kg7 43. Qf4 Qf1+ 44.
Kh2 Qf2+ 45. Kh1 Qxa2 46. Qg3+ Kh8 47. Qf4 Qa1+ 48. Kg2 Qb2+ 49. Kg3 Kg7 50. Qf5 Qc1 51. f4 Qg1+ 52. Kh4 Ng6+ 53. Kh5 Qd1+ 54. Qg4 Qxg4+ 55.
Kxg4 a5 56. Bc2 b5 57. Kf5 a4 58. Ke6 b3 59. Bxg6 Kxg6 60. f5+ Kh5 61. f6 b2 62. f7 b1=Q 63. f8=Q Qe4+ 64. Kd7 Qxd5 65. Qf4 Qg5 66. Qf7+ Kh4 67. Qf3 Qg3 68. Qf6+ Kxh3 69. Qxh6+ Qh4 70. Qe3+ Kg2 71. Qe2+ Kg3 72. Qxb5 Qd4 73. Qc6 Kf4 74. Qc2 Ke3 75. Qc1+ Kd3 76. Qd1+ Ke4 77. Qg4+ Kd5 78. Qf5+ Kc4 79. Qc2+ Kb4 80. Qb1+ Ka5 81. Qe1+ Qb4 82.
Qe8 Qb5+ 0-1

[Event "Early-Titled-Tuesday-Blitz-August-29-2023"]
[Site "Chess.com"]
[Date "2023.08.29"]
[Round "9"]
[White "WildTricks"]
[Black "Lady_Nika"]
[Result "1-0"]
[WhiteElo "2644"]
[BlackElo "2468"]
[TimeControl "180+1"]
[EndTime "9:45:23 PDT"]
[Termination "WildTricks won by resignation"]

1. Nf3 d5 2. g3 Nf6 3. Bg2 g6 4.
O-O Bg7 5. b3 O-O 6. Bb2 c5 7.
c4 d4 8. b4 cxb4 9. a3 bxa3 10. Bxd4 Nc6 11. Bc3 Bg4 12. Nxa3 Bxf3 13. Bxf3 Qd7 14.
d4 e6 15. d5 exd5 16. cxd5 Ne7 17. e4 Nh5 18. Bxg7 Nxg7 19. Qd4 Nc6 20. Qb2 Na5 21.
Be2 Rac8 22. Nb5 b6 23. Nd4 Nc4 24. Qa2 Nd6 25. Bd3 Rc3 26. Qd2 Rfc8 27. Nc6 Rc5 28. Rxa7 Rc7 29. Ra8+ Rc8 30. Rfa1 Nge8 31. Qg5 Qxc6 32.
dxc6 Rxg5 33. Rxc8 Nxc8 34. Ra8 Ned6 35. Ba6 Rc5 36. Bxc8 Nxc8 37. Rxc8+ Kg7 38. Kg2 b5 39. Kf3 b4 40. Rb8 Rxc6 41. Rxb4 h5 42. h3 Rc2 43. g4 hxg4+ 44. hxg4 Kf6 45. Kg3 Kg7 46. f3 Rc3 47.
Kf4 g5+ 48. Kg3 f6 49. Rb7+ Kg6 50. Rb8 Rc5 51. Rd8 Rc3 52. Kf2 Ra3 53. Ke2 Ra2+ 54. Ke3 Ra3+ 55. Rd3 Ra5 56. Rd6 Ra3+ 57. Kf2 Ra2+ 58.
Kg3 Ra3 59. e5 Re3 60. Rxf6+ Kg7 61. Rf5 Kg6 62. Kf2 Ra3 63. Rf6+ Kg7 64. Rd6 Ra5 65. e6 Kf6 66. Ke3 Re5+ 67. Kd4 Re1 68. e7+ Kxe7 69. Rg6 Rd1+ 70. Ke4 Ra1 71. Rxg5 Kf6 72. Rf5+ Kg6 73. Kf4 Ra4+ 74. Kg3 Rb4 75. Rc5 Ra4 76. Rc6+ Kg5 77. f4+ Rxf4 78. Rc5+ 1-0

[Event "Early-Titled-Tuesday-Blitz-August-29-2023"]
[Site "Chess.com"]
[Date "2023.08.29"]
[Round "9"]
[White "Iunusovnuriddin"]
[Black "19912131712118"]
[Result "1-0"]
[WhiteElo "2317"]
[BlackElo "2406"]
[TimeControl "180+1"]
[EndTime "9:45:26 PDT"]
[Termination "Iunusovnuriddin won by checkmate"]

1. e4 c5 2. c3 e6 3. d4 cxd4 4. cxd4 d5 5. exd5 exd5 6. Nf3 Nf6 7. Nc3 Be7 8. Be2 O-O 9. O-O h6 10. h3 Nc6 11. Bf4 Bf5 12. Qb3 Na5 13. Qa4 Bd7 14. Qd1 Rc8 15. Ne5 Bf5 16. Rc1 Nc4 17. Nxc4 dxc4 18.
Bf3 Qd7 19. Re1 Rfd8 20. Qa4 a6 21. Qxd7 Rxd7 22. d5 Bd6 23. Be3 b5 24. Rcd1 g5 25.
Bd4 Ne8 26. Bg4 Bxg4 27. hxg4 Bb4 28. a3 Bd6 29. Ne4 Rcd8 30. Nf6+ Nxf6 31. Bxf6 Rc8 32. g3 a5 33. Re4 b4 34. axb4 axb4 35. Rc1 Rdc7 36.
Rce1 c3 37. bxc3 bxc3 38. Re8+ Kh7 39. Rxc8 Rxc8 40. Kf1 Kg6 41. Bd4 c2 42. Bb2 Bb4 43. Ra1 Bd2 44. Bc1 Bc3 45. Ra6+ Kh7 46. Ke2 Bd4 47.
Kd3 Bxf2 48. Rf6 Bxg3 49. Rxf7+ Kg6 50. Rf3 Bf4 51. Rf1 Be5 52. Rf2 Rc3+ 53. Ke4 Bg7 54.
d6 Rc4+ 55. Kd5 Rd4+ 56. Kc6 Rc4+ 57. Kd5 Rd4+ 58. Kc6 Rxg4 59. d7 Rc4+ 60. Kd5 Rd4+ 61. Kc6 Be5 62. Re2 Bf4 63. Rxc2 Bxc1 64. Rxc1 g4 65.
Kc7 h5 66. Rc6+ Kg5 67. Rd6 Rc4+ 68. Kb6 g3 69. d8=Q+ Kg4 70. Rd4+ Rxd4 71. Qxd4+ Kh3 72. Qe3 h4 73. Kc5 Kh2 74. Qf4 h3 75. Kd4 Kg2 76. Ke3 h2 77. Qf3+ Kg1 78. Qxg3+ Kh1 79. Qf3+ Kg1 80. Qg4+ Kh1 81. Qf4 Kg1 82. Qf3 h1=Q 83. Qg3+ Kf1 84. Qf2# 1-0

[Event "Early-Titled-Tuesday-Blitz-August-29-2023"]
[Site "Chess.com"]
[Date "2023.08.29"]
[Round "9"]
[White "ferrufino64"]
[Black "Kotofeyca"]
[Result "1/2-1/2"]
[WhiteElo "2112"]
[BlackElo "2397"]
[TimeControl "180+1"]
[EndTime "9:45:49 PDT"]
[Termination "Game drawn by repetition"]

1. e4 c5 2. Nf3 d6 3. d4 cxd4 4. Nxd4 Nf6 5. Nc3 a6 6. Be3 Ng4 7. Bg5 Nc6 8. Be2 Qb6 9. Bxg4 Qxd4 10. Bxc8 Rxc8 11. Qxd4 Nxd4 12. O-O-O Ne6 13. Be3 g6 14. Rhe1 Bg7 15. Nd5 Nc5 16. f3 e6 17. Nb6 Rc6 18. Nc4 Na4 19. b3 Ke7 20. Bg5+ f6 21. Be3 Nc3 22. Rd3 Nxa2+ 23. Kb2 Nb4 24. Rd2 f5+ 25. Bd4 Bxd4+ 26. Rxd4 Rd8 27. exf5 gxf5 28. g4 fxg4 29. Rxg4 Nd5 30. Rg7+ Kf6 31. Rxh7 b5 32. Nd2 Rdc8 33. Ne4+ Ke5 34. Nc3+ Kf5 35. Nxd5 Rxc2+ 36. Ka3 exd5 37. Rh5+ Kf4 38. Rxd5 Kxf3 39. Rxd6 a5 40. Rf1+ Kg4 41.
Rg1+ Kh3 42. Rgd1 b4+ 43. Ka4 R8c5 44. R6d3+ Kg4 45. R1d2 Rc1 46. Rd1 R1c2 47. R1d2 R2c3 48. Rd4+ Kf5 49. Rd5+ Ke4 50. Rxc5 Rxc5 51. Rg2 Kd3 52.
h4 Rh5 53. Rh2 Kc3 54. Rh3+ Kb2 55. Rh2+ Kb1 56. Rh3 Kc2 57. Rh2+ Kd3 58. Rh3+ Ke4 59. Rh2 Kf4 60. Rh3 Kg4 61. Rh1 Kg3 62. Rc1 Kf3 63.
Rf1+ Ke2 64. Rh1 Kd3 65. Rh3+ Kd4 66. Rh1 Kc3 67. Rc1+ Kb2 68. Rh1 Ka2 69. Rh2+ Kb1 70. Rh1+ Kc2 71. Rh2+ Kd1 72. Rh1+ Ke2 73. Rh2+ Kf1 74.
Rc2 Kg1 75. Rc6 Kf2 76. Ra6 Rxh4 77. Rxa5 Ke3 78. Rb5 Kd3 79. Rxb4 Rh8 80. Rb5 Ra8+ 81. Ra5 Rb8 82. Rb5 Ra8+ 83. Ra5 Rb8 84. Rc5 Kd4 85. Rc1 Kd5 86. b4 Ra8+ 87. Kb5 Rb8+ 88. Ka4 Ra8+ 89. Kb3 Rb8 90. Ka3 Ra8+ 91. Kb3 Rb8 92. Rc5+ Kd6 93.
Kc4 Rh8 94. Rd5+ Kc6 95. b5+ Kb6 96. Rd6+ Kb7 97. Kc5 Rh7 98. Kb4 Rh1 99. Rd7+ Kb6 100. Rd6+ Kb7 101. Rd4 Rb1+ 102. Kc5 Rc1+ 103. Rc4 Rxc4+ 104. Kxc4 Kb6 105. Kb4 Kb7 106. Kc5 Kc7 107. b6+ Kb7 108. Kb5 Kb8 109. Ka5 Kb7 110. Kb5 Kb8 111. Kc5 Kb7 112. Kb5 1/2-1/2

[Event "Early-Titled-Tuesday-Blitz-August-29-2023"]
[Site "Chess.com"]
[Date "2023.08.29"]
[Round "10"]
[White "koncheto"]
[Black "tsaruk_maks"]
[Result "0-1"]
[WhiteElo "2544"]
[BlackElo "2770"]
[TimeControl "180+1"]
[EndTime "9:48:12 PDT"]
[Termination "tsaruk_maks won by resignation"]

1. e4 e5 2. Nf3 Nc6 3. Bc4 Nf6 4. d3 Bc5 5. c3 d6 6. O-O a5 7. Nbd2 h6 8. a4 O-O 9. h3 Re8 10. Re1 Be6 11. Bxe6 Rxe6 12. Nc4 d5 13. exd5 Qxd5 14.
Be3 Rd8 15. Bxc5 Qxc5 16. Qc2 e4 17. Nd4 Nxd4 18. cxd4 Rxd4 0-1

[Event "Early-Titled-Tuesday-Blitz-August-29-2023"]
[Site "Chess.com"]
[Date "2023.08.29"]
[Round "10"]
[White "Pilopa"]
[Black "KVAIDAN"]
[Result "1-0"]
[WhiteElo "2688"]
[BlackElo "2362"]
[TimeControl "180+1"]
[EndTime "9:48:14 PDT"]
[Termination "Pilopa won by checkmate"]

1. d4 e6 2. Nf3 f5 3. d5 Bd6 4.
Nc3 Nf6 5. Bg5 O-O 6. e3 b6 7. Bc4 a6 8. a4 Qe8 9. O-O Qg6 10. Bf4 Ne4 11. Bxd6 Nxc3 12. bxc3 cxd6 13. dxe6 dxe6 14. Qxd6 Kh8 15. Qxf8# 1-0

[Event "Early-Titled-Tuesday-Blitz-August-29-2023"]
[Site "Chess.com"]
[Date "2023.08.29"]
[Round "10"]
[White "Goryachkina"]
[Black "masterofpuppets2"]
[Result "1-0"]
[WhiteElo "2637"]
[BlackElo "2461"]
[TimeControl "180+1"]
[EndTime "9:48:39 PDT"]
[Termination "Goryachkina won by resignation"]

1. e4 c5 2. Nf3 Nc6 3. Bb5 e6 4. Bxc6 bxc6 5. d3 f6 6. O-O Ne7 7. e5 fxe5 8. Nxe5 d6 9. Nc4 e5 10. f4 exf4 11. Bxf4 Ng6 12. Qe2+ Kd7 13. Bg3 Qe7 14.
Qd2 Kc7 15. Bxd6+ 1-0

[Event "Early-Titled-Tuesday-Blitz-August-29-2023"]
[Site "Chess.com"]
[Date "2023.08.29"]
[Round "10"]
[White "Kotofeyca"]
[Black "DarZay"]
[Result "1-0"]
[WhiteElo "2402"]
[BlackElo "2265"]
[TimeControl "180+1"]
[EndTime "9:48:42 PDT"]
[Termination "Kotofeyca won by resignation"]

1. d4 d5 2. c4 e6 3. Nc3 Be7 4. cxd5 exd5 5. Qc2 c6 6. Nf3 Nf6 7. Bg5 h6 8. Bh4 Ne4 9. Bxe7 Qxe7 10. Nxd5 cxd5 11.
Qxc8+ Qd8 12. Qxd8+ Kxd8 13. Ne5 Ke7 14. f3 Nd6 15. e3 f6 16. Ng6+ Ke6 17. Nxh8 Nc6 18. Ng6 Nb4 19. Kf2 1-0

[Event "Early-Titled-Tuesday-Blitz-August-29-2023"]
[Site "Chess.com"]
[Date "2023.08.29"]
[Round "10"]
[White "enriquebutti"]
[Black "Flaccidmoves"]
[Result "0-1"]
[WhiteElo "2269"]
[BlackElo "2492"]
[TimeControl "180+1"]
[EndTime "9:48:45 PDT"]
[Termination "Flaccidmoves won by resignation"]

1. d4 d6 2. c4 e5 3. Nf3 e4 4.
Ng5 f5 5. Nh3 Nf6 6. Bg5 Be7 7. e3 O-O 8. Nc3 c6 9. Nf4 h6 10. Bxf6 Bxf6 11. g4 Bh4 12. gxf5 Bxf5 13. Bg2 g5 14. Nh5 Bxf2+ 0-1

[Event "Early-Titled-Tuesday-Blitz-August-29-2023"]
[Site "Chess.com"]
[Date "2023.08.29"]
[Round "10"]
[White "DrDreBeats"]
[Black "LeoLV10"]
[Result "1-0"]
[WhiteElo "2623"]
[BlackElo "2496"]
[TimeControl "180+1"]
[EndTime "9:49:07 PDT"]
[Termination "DrDreBeats won by resignation"]

1. e4 c6 2. d4 d5 3. e5 c5 4.
c4 cxd4 5. Nf3 Nc6 6. cxd5 Qxd5 7. Nc3 Qa5 8. Nxd4 Qxe5+ 9. Be3 Nxd4 10. Qxd4 Qxd4 11.
Bxd4 Bd7 12. Nb5 Rc8 13. Nxa7 Rc2 14. Bd3 Rc7 15. Bb6 Rc6 16. Nxc6 Bxc6 17. O-O e6 18. a4 Nf6 19. a5 Bd6 20. Rfc1 Kd7 21. a6 bxa6 22. Rxa6 Rb8 23. Ra7+ Rb7 24. Bb5 1-0

[Event "Early-Titled-Tuesday-Blitz-August-29-2023"]
[Site "Chess.com"]
[Date "2023.08.29"]
[Round "10"]
[White "GMForgacs"]
[Black "ahkashefi2800"]
[Result "1-0"]
[WhiteElo "2449"]
[BlackElo "2569"]
[TimeControl "180+1"]
[EndTime "9:49:18 PDT"]
[Termination "GMForgacs won by checkmate"]

1. e4 c5 2. Nf3 d6 3. d4 cxd4 4. Nxd4 a6 5. f3 Nf6 6. Nc3 g6 7. Be3 Bg7 8. Qd2 O-O 9. g4 b5 10. O-O-O b4 11. Nd5 Nxd5 12. exd5 a5 13. h4 a4 14. h5 b3 15. cxb3 axb3 16. a3 Nd7 17. Bh6 Bxd4 18. Qxd4 Qc7+ 19. Bc4 Ne5 20. Bxf8 Kxf8 21.
hxg6 hxg6 22. Rh8+ Kg7 23. Rdh1 Ra4 24. R1h7+ Kf6 25. Qf4+ Bf5 26. g5# 1-0

[Event "Early-Titled-Tuesday-Blitz-August-29-2023"]
[Site "Chess.com"]
[Date "2023.08.29"]
[Round "10"]
[White "ural58"]
[Black "Kildepiotr"]
[Result "0-1"]
[WhiteElo "2511"]
[BlackElo "2668"]
[TimeControl "180+1"]
[EndTime "9:49:25 PDT"]
[Termination "Kildepiotr won by resignation"]

1. e4 g6 2. d4 Bg7 3. Nc3 c6 4. h4 h5 5. Nf3 d5 6. Ng5 Nh6 7. f3 dxe4 8. Be3 Nf5 9. Bg1 Bxd4 10. Ncxe4 Qa5+ 11. c3 Bxg1 12. Rxg1 Nd7 13. Qb3 O-O 14.
O-O-O Nc5 15. Nxc5 Qxc5 16. Bd3 Nxh4 17. g4 Qxg5+ 0-1

[Event "Early-Titled-Tuesday-Blitz-August-29-2023"]
[Site "Chess.com"]
[Date "2023.08.29"]
[Round "10"]
[White "jcreyes69"]
[Black "stratacticos"]
[Result "1-0"]
[WhiteElo "2370"]
[BlackElo "1851"]
[TimeControl "180+1"]
[EndTime "9:49:39 PDT"]
[Termination "jcreyes69 won by resignation"]

1. e4 c5 2. Nf3 Nc6 3. d4 cxd4 4. Nxd4 e5 5. Nb5 a6 6. Nd6+ Bxd6 7. Qxd6 Qf6 8. Qd1 Qg6 9. Nc3 Nf6 10. f3 Nd4 11.
Be3 Ne6 12. Qd2 O-O 13. Bd3 d6 14. O-O-O b5 15. h4 Nh5 16. g4 Nhf4 17. Nd5 Nxd5 18. exd5 Qf6 19. dxe6 Qxe6 20. Kb1 d5 21. Bf5 1-0

[Event "Early-Titled-Tuesday-Blitz-August-29-2023"]
[Site "Chess.com"]
[Date "2023.08.29"]
[Round "10"]
[White "Goi_Manne"]
[Black "Laico"]
[Result "0-1"]
[WhiteElo "2308"]
[BlackElo "2420"]
[TimeControl "180+1"]
[EndTime "9:49:47 PDT"]
[Termination "Laico won by resignation"]

1. e4 e6 2. d3 d5 3. Nd2 Nf6 4. Ngf3 Bc5 5. e5 Nfd7 6. d4 Bb6 7. c3 c5 8. Be2 Nc6 9. Nb3 a5 10. a4 O-O 11. O-O f6 12. exf6 Qxf6 13. Bg5 Qg6 14. Qd2 cxd4 15. cxd4 Nf6 16. Bxf6 Rxf6 17. Ne5 Nxe5 18. dxe5 Rf7 19. Nd4 Bd7 20. Bb5 Raf8 21. Bxd7 Rxd7 22. Rac1 Rdf7 23. Nf3 Rxf3 0-1

[Event "Early-Titled-Tuesday-Blitz-August-29-2023"]
[Site "Chess.com"]
[Date "2023.08.29"]
[Round "10"]
[White "Lady_Nika"]
[Black "ChessArchitect64"]
[Result "1-0"]
[WhiteElo "2472"]
[BlackElo "2266"]
[TimeControl "180+1"]
[EndTime "9:49:52 PDT"]
[Termination "Lady_Nika won by checkmate"]

1. e4 c5 2. Nc3 e6 3. g3 Nc6 4.
Bg2 d6 5. d3 Nf6 6. f4 Be7 7.
Nf3 O-O 8. O-O a6 9. Rb1 Qc7 10. Ne2 Rb8 11. h3 b5 12. g4 Nd7 13. Be3 Bb7 14.
f5 Nde5 15. Nxe5 dxe5 16. g5 exf5 17. exf5 f6 18. gxf6 Bxf6 19. Bxc5 Rfd8 20. Be3 Nd4 21. Nxd4 exd4 22. Bf4 Be5 23. Bxe5 Qxe5 24. Qg4 Bxg2 25.
Qxg2 Re8 26. f6 Qe3+ 27. Kh1 Rb7 28. Qxb7 Qxh3+ 29. Kg1 Re3 30. Qxg7# 1-0

[Event "Early-Titled-Tuesday-Blitz-August-29-2023"]
[Site "Chess.com"]
[Date "2023.08.29"]
[Round "10"]
[White "Ramosha"]
[Black "PeshkaCh"]
[Result "0-1"]
[WhiteElo "2586"]
[BlackElo "2790"]
[TimeControl "180+1"]
[EndTime "9:50:13 PDT"]
[Termination "PeshkaCh won by resignation"]

1. e4 e5 2. Nf3 Nc6 3. Nc3 Nf6 4. h3 d5 5. exd5 Nxd5 6. Bb5 Nxc3 7. bxc3 Bd6 8. O-O O-O 9. d4 exd4 10. cxd4 Bf5 11.
Re1 h6 12. c3 Qf6 13. Bd3 Bd7 14. Be3 Rfe8 15. Nd2 Bf5 16. Bxf5 Qxf5 17. Qf3 Qd3 18. Rac1 Ba3 19. Rb1 Qxc3 20. Rb3 Qa5 21. Rxb7 Nxd4 22.
Qd1 Ne6 23. Nc4 Qa6 24. Qb3 Nc5 25. Qxa3 Qxa3 26. Nxa3 Nxb7 27. Nb5 Re7 28. Rc1 Nd6 29. Nxa7 Rxe3 0-1

[Event "Early-Titled-Tuesday-Blitz-August-29-2023"]
[Site "Chess.com"]
[Date "2023.08.29"]
[Round "10"]
[White "ShahMatKanal"]
[Black "KejJaj"]
[Result "1-0"]
[WhiteElo "2440"]
[BlackElo "2195"]
[TimeControl "180+1"]
[EndTime "9:50:20 PDT"]
[Termination "ShahMatKanal won by resignation"]

1. d4 f5 2. Nc3 Nf6 3. Bg5 d5 4. Bxf6 exf6 5. e3 Be6 6. Bd3 Nc6 7. Qf3 Qd7 8. Nge2 Ne7 9. h3 Nc8 10. Nf4 Bf7 11. Nfxd5 Nd6 12. g4 fxg4 13. hxg4 O-O-O 14. O-O-O h6 15. Kb1 c6 16. Nf4 Re8 17. Ng6 Bxg6 18. Bxg6 Rd8 19. Ne4 Nxe4 20. Bf5 1-0